 Dungeon Crawl Stone Soup version 0.23.2-30-g0e89c35649 (webtiles) character file.

Game seed: 8381514696288256370

3009 dvd the Firebug (level 9, -4/55 HPs)
             Began as an Octopode Fire Elementalist on June 23, 2019.
             Slain by a cyclops (30 damage)
             ... on level 6 of the Dungeon.
             The game lasted 00:21:57 (7926 turns).

dvd the Firebug (Octopode Fire Elementalist)        Turns: 7926, Time: 00:21:59

Health: -4/55      AC:  8    Str:  7    XL:     9   Next: 84%
Magic:  2/17       EV: 14    Int: 21    God:
Gold:   274        SH:  6    Dex: 12    Spells: 5/19 levels left

rFire    . . .     SeeInvis .   e - +7 flail (protect)
rCold    . . .     Gourm    .   r - +1 buckler
rNeg     . . .     Faith    .   (helmet restricted)
rPois    .         Spirit   .   (no amulet)
rElec    .         Reflect  .   g - ring of protection from magic
rCorr    .         Harm     .   (no ring)
MR       +....                  (no ring)
Stlth    ++++......             (no ring)
HPRegen  0.18/turn              (no ring)
MPRegen  0.15/turn              (no ring)
                                (no ring)
                                (no ring)

@: protection aura, very slightly contaminated
A: almost no armour, stealthy swim, amphibious, 8 rings, constrict 8, camouflage
1, gelatinous body 1
a: no special abilities


You were on level 6 of the Dungeon.
You were near starving.

You visited 1 branch of the dungeon, and saw 6 of its levels.

You collected 274 gold pieces.

Inventory:

Hand Weapons
 a - a +2 dagger of electrocution
 b - a +2 dagger of venom
 e - a +7 flail of protection (weapon)
 y - a +2 rapier of draining
Armour
 r - a +1 buckler (worn)
Jewellery
 g - a ring of protection from magic (left tentacle)
Wands
 s - a wand of paralysis (3)
Scrolls
 c - 5 scrolls of remove curse
 f - 2 scrolls of enchant armour
 h - a scroll of blinking
 i - 6 scrolls of identify
 k - a scroll of noise
 n - 2 scrolls of amnesia
 p - 3 scrolls of teleportation
Potions
 l - a potion of brilliance
 o - a potion of resistance {unknown}
 q - 2 potions of haste {unknown}
 t - 2 potions of degeneration {unknown}
 u - a potion of curing
 v - 2 potions of heal wounds
 x - 2 potions of mutation {unknown}
Comestibles
 j - 6 rations


   Skills:
 + Level 2.6 Fighting
 + Level 1.2 Short Blades
 + Level 4.2 Maces & Flails
 + Level 3.5 Dodging
 + Level 5.6 Stealth
 + Level 4.3 Shields
 - Level 0.1 Unarmed Combat
 + Level 5.6 Spellcasting
 + Level 5.8 Conjurations
 + Level 6.6 Fire Magic


You had 5 spell levels left.
You knew the following spells:

 Your Spells              Type           Power        Failure   Level  Hunger
a - Flame Tongue          Conj/Fire      ####.        1%          1    None
b - Throw Flame           Conj/Fire      ####..       1%          2    None
c - Sticky Flame          Conj/Fire      ####....     8%          4    ####...
d - Blink                 Tloc           N/A          16%         2    None
e - Fireball              Conj/Fire      ####......   22%         5    #####..

Your spell library contained the following spells:

 Spells                   Type           Power        Failure   Level  Hunger
 Magic Dart               Conj           ####         1%          1    None
 Conjure Flame            Conj/Fire      ####....     2%          3    ##.....
 Inner Flame              Hex/Fire       ###.....     8%          3    ##.....
 Mephitic Cloud           Conj/Pois/Air  ##......     14%         3    ##.....
 Call Imp                 Summ           #.......     16%         2    None
 Slow                     Hex            #.......     16%         2    None


Dungeon Overview and Level Annotations

Branches:
Dungeon (6/15)
 Temple: D:4-7

Altars:
Fedhas
Ru
Wu Jian


Innate Abilities, Weirdness & Mutations

You cannot wear most types of armour.
You are very stealthy in the water. (Stealth+)
You are amphibious.
You can wear up to eight rings at the same time.
You can use your tentacles to constrict eight enemies at once.
Your skin changes colour to match your surroundings (Stealth+).
Your rubbery body absorbs attacks. (AC +1, EV +1)


Message History

You are near starving!
You hear a loud, deep croak!
The cyclops hits you!!
Ouch! That really hurt!
Unknown command.
Unknown command.
Casting: Fireball (quite dangerous; 22% risk of failure)
Confirm with . or Enter, or press ? or * to list all spells.
Aiming: Flame Tongue (safe; 1% risk of failure)
Press: ? - help, Shift-Dir - straight line, f - cyclops
Aim: a cyclops (severely wounded)
The flame tongue hits the cyclops but does no damage.
The cyclops is severely wounded.
You hit the cyclops but do no damage.
Your weapon exudes an aura of protection.
You squeeze the cyclops.
The cyclops is almost dead.
The cyclops hits you!!
Ouch! That really hurt!
You die...

###.....# ###.......##
###..........# ###
#......#.....####.######
##......#.......##......##
#......#.......##........#
#..............#..#####..##
####..........(##.## ###÷.####
##...##).....@....#.#...÷...##
#...##......C...###..........#
##..............# #...........
##.))..#.......##............
########..##......####.........#
##.##.#.##.#........######.....##
#.......#...........#.# ...#.####
##.........##....##...#...#### ..
###......###...####......# ..


You could see a cyclops.

Vanquished Creatures
  Grinder (D:5)
  4 yaks
  A hungry ghost (D:6)
  Edmund (D:4)
  2 ice beasts (D:5)
  A necrophage (D:6)
  A centaur (D:6)
  5 bullfrogs
  4 wights (D:6)
  A howler monkey (D:6)
  2 crimson imps
  A quasit (D:6)
  3 hounds
  An orc priest (D:4)
  Crazy Yiuf (D:6)
  3 iguanas (D:4)
  A jelly (D:3)
  5 orc wizards
  A bullfrog skeleton (D:6)
  Natasha (thrice) (D:4)
  Ijyb (D:4)
  4 worker ants
  A hound skeleton (D:4)
  10 gnolls
  9 adders
  A river rat (D:3)
  A shadow imp (D:5)
  4 oozes
  2 adder skeletons
  3 worms
  6 dart slugs
  7 leopard geckos
  18 orcs
  8 bats
  7 giant cockroaches
  6 goblins
  5 hobgoblins
  11 jackals
  5 quokkas
  5 ball pythons
  6 frilled lizards
  A jackal skeleton (D:4)
  8 kobolds
  A quokka skeleton (D:3)
  22 rats
194 creatures vanquished.

Notes
Turn   | Place    | Note
-------+----------+-------------------------------------------
     0 | D:1      | dvd the Octopode Fire Elementalist began the quest for the
                  | Orb.
     0 | D:1      | Reached XP level 1. HP: 11/11 MP: 3/3
   119 | D:1      | Reached XP level 2. HP: 17/17 MP: 0/5
   521 | D:1      | Reached XP level 3. HP: 17/21 MP: 4/6
   647 | D:1      | Learned a level 2 spell: Throw Flame
  1343 | D:2      | Reached XP level 4. HP: 27/27 MP: 3/8
  1394 | D:2      | Learned a level 4 spell: Sticky Flame
  1656 | D:2      | Found an ornate altar of the Wu Jian Council.
  2248 | D:3      | Reached XP level 5. HP: 23/31 MP: 9/9
  2706 | D:3      | Found a blossoming altar of Fedhas.
  2781 | D:3      | Reached skill level 4 in Fire Magic
  3639 | D:3      | Reached XP level 6. HP: 36/36 MP: 7/11
  3924 | D:4      | Noticed Ijyb
  3924 | D:4      | Paralysed by Ijyb for 7 turns
  3936 | D:4      | Killed Ijyb
  4452 | D:4      | Noticed Natasha
  4456 | D:4      | Killed Natasha
  4464 | D:4      | Noticed Edmund
  4562 | D:4      | Killed Edmund
  4562 | D:4      | Reached skill level 1 in Shields
  4562 | D:4      | Reached XP level 7. HP: 33/42 MP: 3/13
  4656 | D:4      | Reached skill level 1 in Short Blades
  4812 | D:4      | Noticed Natasha
  4820 | D:4      | Killed Natasha
  5008 | D:4      | Reached skill level 1 in Fighting
  5209 | D:5      | Entered Level 5 of the Dungeon
  5238 | D:5      | Reached skill level 1 in Maces & Flails
  5238 | D:5      | Reached XP level 8. HP: 48/48 MP: 4/14
  5331 | D:5      | Reached skill level 5 in Fire Magic
  5645 | D:5      | Found a sacrificial altar of Ru.
  5737 | D:5      | Learned a level 2 spell: Blink
  5749 | D:5      | Noticed a yak
  5750 | D:5      | Noticed Grinder
  5758 | D:5      | Noticed a yak
  5759 | D:4      | Noticed Natasha
  5767 | D:4      | Killed a yak
  5816 | D:4      | Killed Natasha
  5889 | D:5      | Noticed a yak
  5891 | D:5      | Noticed a yak
  5902 | D:4      | Killed a yak
  6298 | D:5      | Killed a yak
  6298 | D:5      | Reached skill level 5 in Stealth
  6298 | D:5      | Reached skill level 5 in Spellcasting
  6298 | D:5      | Reached XP level 9. HP: 54/54 MP: 7/16
  6355 | D:5      | Killed Grinder
  6364 | D:5      | Learned a level 5 spell: Fireball
  6568 | D:6      | Reached skill level 6 in Fire Magic
  7004 | D:6      | Noticed a cyclops
  7021 | D:6      | Reached skill level 5 in Conjurations
  7630 | D:6      | Found a runed translucent door.
  7631 | D:6      | Noticed Crazy Yiuf
  7639 | D:6      | Killed Crazy Yiuf
  7926 | D:6      | Slain by a cyclops

Skill      XL: |  1  2  3  4  5  6  7  8  9 |
---------------+----------------------------+-----
Stealth        | 3 4 5 |  5.6
Conjurations   | 2 3 4 5 |  5.8
Spellcasting   | 3 4 5 |  5.6
Fire Magic     | 4 5 6 |  6.6
Shields        | 1 2 3 4 |  4.3
Short Blades   | 1 |  1.2
Fighting       | 1 2 |  2.6
Maces & Flails | 1 3 4 |  4.2
Dodging        | 3 |  3.5
Unarmed Combat | |  0.1

Action                   |  1- 3 |  4- 6 |  7- 9 || total
-------------------------+-------+-------+-------++-------
Melee: Unarmed           |    10 |       |       ||    10
       Constrict         |    11 |    16 |    20 ||    47
       Tentacles         |     4 |     6 |    10 ||    20
       Dagger            |    10 |    63 |     1 ||    74
       Flail             |       |       |    88 ||    88
 Cast: Flame Tongue      |    59 |    64 |    92 ||   215
       Throw Flame       |     6 |    27 |    34 ||    67
       Sticky Flame      |       |     3 |    19 ||    22
       Fireball          |       |       |     5 ||     5
  Use: Scroll            |       |     1 |     8 ||     9
       Potion            |       |     2 |       ||     2
 Stab: Sleeping          |     2 |     8 |     2 ||    12
  Eat: Chunk             |     2 |    12 |    11 ||    25
       Ration            |       |       |     1 ||     1
Armor: Skin              |     3 |     5 |    23 ||    31
Dodge: Dodged            |    13 |    58 |    66 ||   137
Block: Buckler           |       |     4 |    25 ||    29
